 Dungeon Crawl Stone Soup version 0.20-a0-681-gf83e07f (webtiles) character file.

3959 shpingle the Grappler (level 10, -5/88 HPs)
             Began as a Troll Gladiator on Feb 18, 2017.
             Was a Believer of Qazlal.
             Slain by a two-headed ogre
             ... wielding a +0 giant spiked club
              (10 damage)
             ... on level 8 of the Dungeon.
             The game lasted 00:28:06 (5781 turns).

shpingle the Grappler (Troll Gladiator)             Turns: 5781, Time: 00:28:07

Health: -5/88      AC:  7    Str: 24    XL:     10   Next: 2%
Magic:  9/9        EV: 13    Int:  4    God:    Qazlal [**....]
Gold:   211        SH: 13    Dex: 14    Spells: 9/9 levels left

rFire    . . .     SeeInvis .     - Unarmed
rCold    . . .     Gourm    +   n - +2 robe {Archmagi}
rNeg     . . .     Faith    .   v - +0 shield
rPois    .         Spirit   .   b - +0 hat
rElec    .         Reflect  .   (no cloak)
rCorr    .         Harm     .   (gloves unavailable)
MR       .....                  (boots unavailable)
Stlth    +.........             (no amulet)
Regen    0.7/turn               (no ring)
MPRegen  0.2/turn               (no ring)

@: no status effects
A: unfitting armour, claws 3, fast metabolism 3, gourmand, regeneration 1,
shaggy fur 1, tough skin 2
a: Upheaval, Renounce Religion


You were on level 8 of the Dungeon.
You worshipped Qazlal.
Qazlal was pleased with you.
You were very full.

You visited 1 branch of the dungeon, and saw 8 of its levels.

You collected 211 gold pieces.

Inventory:

Hand Weapons
 o - a -1 hunting sling
 O - a +0 blowgun
Missiles
 c - a throwing net (quivered)
 h - 8 needles of paralysis
 s - 21 poisoned needles
 N - 14 stones
 P - 7 curare-tipped needles
Armour
 b - a +0 hat (worn)
 n - a +2 robe of the Archmagi (worn)
 v - a +0 shield (worn)
Wands
 k - a wand of polymorph (9/24)
 K - a wand of lightning (5/15)
Scrolls
 f - 2 scrolls of remove curse
 g - 5 scrolls of teleportation
 i - 3 scrolls of amnesia {unknown}
 m - 2 scrolls of enchant weapon
 q - 2 scrolls of magic mapping
 u - 3 scrolls of fog {unknown}
 x - 3 scrolls of random uselessness {unknown}
 C - a scroll of immolation
 I - 2 scrolls of enchant armour
Potions
 e - 2 potions of haste
 p - a potion of might
 t - 2 potions of lignification
 B - 2 potions of agility
 D - a potion of brilliance
 M - 2 potions of flight
Comestibles
 d - 9 bread rations
 A - 3 meat rations
 H - 4 fruits
 J - 6 royal jellies


   Skills:
 - Level 2.4 Fighting
 + Level 2.4 Throwing
 - Level 1.0 Armour
 * Level 7.4 Dodging
 * Level 6.4 Shields
 * Level 8.8 Unarmed Combat


You had 9 spell levels left.
You didn't know any spells.

Dungeon Overview and Level Annotations

Branches:
Dungeon (8/15)             Temple (0/1) D:6
   Lair: D:8-11

Altars:
Ashenzari
Cheibriados
Fedhas
Makhleb
Nemelex Xobeh
Qazlal

Shops:
D:6 !

Annotations:
D:4 exclusion: upstairs


Innate Abilities, Weirdness & Mutations

You are too large for most types of armour.
You have claws for hands.
Your metabolism is lightning-fast.
You like to eat raw meat.
Your natural rate of healing is unusually fast.
You are covered in fur. (AC +1)
You have very tough skin. (AC +2)


Message History

You mangle the two-headed ogre!!
The two-headed ogre is heavily wounded.
The two-headed ogre hits you with a giant spiked club!!
* * * LOW HITPOINT WARNING * * *
The two-headed ogre hits you with a giant club!
* * * LOW HITPOINT WARNING * * *
The teleport trap disappears.
The shadow imp disappears!
There is a stone staircase leading up, spattered with blood here.
Things that are here:
a tomahawk; 2 throwing nets
c - 2 throwing nets Fire/throw which item? (* to show all) (? for menu, Esc to quit)
Press: ? - help, Shift-Dir - straight line, f/p - two-headed ogre
Aim: a two-headed ogre, wielding a giant spiked club and a giant club (moderately wounded)
You throw a throwing net.
The throwing net barely misses the two-headed ogre.
The two-headed ogre hits you with a giant spiked club!!
* * * LOW HITPOINT WARNING * * *
The two-headed ogre hits you with a giant club!
You die...

#############
.......†....#
...O.....#↑###
.........#↑..#######
S.......##.@.......#
.......###.O.......#
......# #.........#
.....# #.........#
.#..# ###.........#
#.# #...........# #.
####.####....###
..#....####....#
.......(........#


You could see a two-headed ogre.

Vanquished Creatures
  A two-headed ogre (D:8)
  Eustachio (D:6)
  A human (D:7)
  4 hogs (D:7)
  An orc warrior (D:7)
  An ice beast (D:7)
  A sky beast (D:5)
  2 centaurs (D:6)
  A big kobold (D:7)
  A bullfrog (D:7)
  2 scorpions
  3 killer bees (D:7)
  14 wights
  A howler monkey (D:4)
  A bullfrog zombie (D:6)
  A quasit (D:6)
  2 crimson imps (D:7)
  2 orc priests
  5 hounds
  2 centaur skeletons (D:6)
  A bullfrog skeleton (D:7)
  A jelly (D:6)
  5 orc wizards
  2 iguanas (D:4)
  8 worker ants
  A hound skeleton (D:8)
  A howler monkey skeleton (D:7)
  7 gnolls
  7 adders
  2 oozes
  An adder skeleton (D:5)
  3 worms
  A leopard gecko (D:7)
  18 orcs
  A ball python (D:2)
  6 giant cockroaches
  3 goblins
  2 jackals (D:3)
  2 quokkas (D:5)
  7 bats
  2 frilled lizards
  9 kobolds
  A leopard gecko skeleton (D:7)
  2 rats (D:2)
140 creatures vanquished.

Notes
Turn   | Place    | Note
-------+----------+-------------------------------------------
     0 | D:1      | shpingle the Troll Gladiator began the quest for the Orb.
     0 | D:1      | Reached XP level 1. HP: 19/19 MP: 0/0
   291 | D:1      | You fall through a shaft!
   397 | D:2      | Reached XP level 2. HP: 28/28 MP: 1/1
   426 | D:2      | Reached XP level 3. HP: 26/35 MP: 2/2
   970 | D:2      | Reached skill level 3 in Dodging
  1372 | D:3      | Found a snail-covered altar of Cheibriados.
  1377 | D:3      | Reached XP level 4. HP: 42/42 MP: 3/3
  1395 | D:3      | Found a burning altar of Makhleb.
  1397 | D:3      | Found a shattered altar of Ashenzari.
  1822 | D:3      | Reached skill level 4 in Unarmed Combat
  1993 | D:4      | Reached XP level 5. HP: 50/50 MP: 4/4
  2113 | D:5      | Entered Level 5 of the Dungeon
  2245 | D:5      | Reached XP level 6. HP: 59/59 MP: 5/5
  2271 | D:6      | Noticed Eustachio
  2382 | D:5      | Reached skill level 5 in Unarmed Combat
  2490 | D:5      | Found a stormy altar of Qazlal.
  2499 | D:5      | Reached XP level 7. HP: 61/66 MP: 6/6
  2506 | D:5      | Found a blossoming altar of Fedhas.
  2532 | D:5      | Became a worshipper of Qazlal Stormbringer
  3079 | D:4      | Found a sparkling altar of Nemelex Xobeh.
  3630 | D:6      | Killed Eustachio
  3630 | D:6      | Reached skill level 3 in Shields
  3702 | D:5      | Reached skill level 6 in Unarmed Combat
  3820 | D:6      | Found Begreax's Distillery.
  3894 | D:5      | Reached XP level 8. HP: 64/74 MP: 7/7
  3963 | D:6      | Found a staircase to the Ecumenical Temple.
  4242 | D:6      | Reached * piety under Qazlal
  4543 | D:7      | Reached skill level 7 in Unarmed Combat
  4721 | D:7      | Reached skill level 6 in Dodging
  4841 | D:7      | Reached XP level 9. HP: 80/80 MP: 8/8
  5471 | D:7      | Reached skill level 8 in Unarmed Combat
  5489 | D:7      | Reached skill level 6 in Shields
  5621 | D:8      | Noticed a two-headed ogre
  5632 | D:8      | Killed a two-headed ogre
  5632 | D:8      | Reached XP level 10. HP: 54/88 MP: 9/9
  5640 | D:8      | Reached ** piety under Qazlal
  5701 | D:8      | Noticed a two-headed ogre
  5781 | D:8      | Slain by a two-headed ogre

Vault maps used:
D:1:      saegor_arrival_under_anarchy
D:3:      nicolae_overflow_hidden_temple, corexii_item_surrounded_by_moat,
          cheibriados_altar_1
D:4:      nemelex_xobeh_ov_fountains_minmay
D:5:      grunt_temple_overflow_forces_of_nature, first_bread
D:6:      minmay_temple_entry_poolview, kennysheep_small_circle, uniq_eustachio
D:7:      grunt_livestock
D:8:      erik_lair_dragon

Skill      XL: |  1  2  3  4  5  6  7  8  9 |
---------------+----------------------------+-----
Fighting       | 2 |  2.4
Dodging        | 3 4 5 6 7 |  7.4
Armour         | 1 |  1.0
Unarmed Combat | 4 5 6 7 8 |  8.8
Shields        | 1 2 3 5 6 |  6.4
Throwing       | 2 |  2.4

Action                   |  1- 3 |  4- 6 |  7- 9 | 10-12 || total
-------------------------+-------+-------+-------+-------++-------
Melee: Unarmed           |    54 |   103 |   288 |    23 ||   468
       Punch             |     1 |     4 |       |       ||     5
Throw: Stone             |    11 |     8 |       |     6 ||    25
       Tomahawk          |       |       |     9 |     1 ||    10
       Throwing net      |       |       |     4 |     3 ||     7
  Use: Scroll            |     4 |     4 |     7 |       ||    15
       Potion            |       |       |     3 |       ||     3
 Stab: Sleeping          |     2 |     1 |     1 |       ||     4
       Distracted        |       |       |     1 |       ||     1
  Eat: Chunk             |    14 |    14 |    26 |     3 ||    57
Armor: Robe              |    20 |    20 |    67 |       ||   107
       Skin              |       |       |     5 |       ||     5
Dodge: Dodged            |    31 |    48 |    92 |    10 ||   181
Block: Shield            |       |       |   147 |    13 ||   160
